Map: [ESL] Oceanborn

Players

YoungYakov - Winner!

  • Race: Zerg Zerg
  • Spawn Location: 5:00

GunGFuBanDa

  • Race: Protoss Protoss
  • Spawn Location: 11:00

Event: ESL SC2 Masters 2024 Spring (Regional)

VOD

Have the link to the VOD?

Description

Time

  • Played on: April 11, 2024, 10:37 a.m.
  • Length: 13:00

All games in this series

Show
View Real Time Build Order
Export as new Build Order

YoungYakov Zerg - Winner!

Build Orders: Hatch First 

Get SALT Encoding   

  12  0:00  Drone  
  13  0:11  Overlord  
  13  0:16  Drone  
  14  0:30  Drone x2  
  16  0:48  Hatchery  
  15  0:51  Drone  
  15  0:55  Drone  
  17  0:58  Drone  
  18  1:09  Extractor  
  17  1:14  Spawning Pool  
  17  1:18  Drone  
  17  1:21  Drone  
  18  1:28  Drone  
  19  1:38  Drone  
  20  1:49  Overlord  
  20  2:01  Queen x2  
  20  2:02  Zergling x2  
  20  2:03  Zergling x2  
  26  2:11  Drone x2  
  26  2:13  Metabolic Boost  
  28  2:23  Drone x2  
  30  2:32  Drone x2  
  32  2:39  Queen  
  33  2:49  Hatchery  
  32  2:53  Overlord  
  32  2:55  Zergling x2  
  32  2:57  Drone  
  34  2:59  Zergling x2  
  35  3:11  Zergling x2  
  35  3:12  Zergling x4  
  38  3:13  Queen  
  38  3:16  Overlord  
  40  3:25  Spore Crawler  
  37  3:31  Drone x3  
  37  3:33  Drone x2  
  42  3:38  Drone x2  
  44  3:43  Drone  
  44  3:47  Drone x3  
  48  3:53  Drone x3  
  51  3:58  Drone  
  51  3:59  Overlord  
  51  4:04  Queen  
  51  4:07  Drone  
  54  4:10  Spore Crawler  
  54  4:12  Overlord  
  53  4:17  Queen  
  53  4:21  Drone x2  
  55  4:24  Drone x2  
  55  4:28  Drone x3  
  60  4:32  Drone x3  
  60  4:36  Spore Crawler  
  61  4:41  Spore Crawler, Drone  
  60  4:46  Drone  
  60  4:47  Zergling x2, Roach Warren  
  60  4:51  Drone  
  60  4:52  Drone x2  
  64  4:55  Overlord  
  64  4:58  Zergling x4  
  65  5:01  Overlord  
  65  5:03  Lair  
  65  5:06  Extractor  
  64  5:07  Extractor  
  64  5:10  Drone x2  
  64  5:12  Evolution Chamber  
  64  5:14  Drone x4  
  64  5:17  Extractor  
  64  5:18  Zergling x2  
  64  5:19  Zergling x2  
  69  5:21  Drone x3  
  70  5:31  Drone x3  
  70  5:32  Drone x3  
  70  5:36  Drone  
  70  5:37  Drone x2  
  70  5:41  Drone x2  
  75  5:50  Hatchery  
  75  5:56  Drone x7  
  81  6:02  Overlord, Glial Reconstitution  
  81  6:03  Zerg Missile Weapons Level 1  
  78  6:06  Extractor  
  78  6:08  Drone x3  
  78  6:09  Drone  
  78  6:10  Drone  
  80  6:12  Overlord  
  80  6:14  Overlord  
  80  6:18  Roach  
  82  6:21  Roach  
  82  6:22  Roach x2  
  90  6:25  Roach  
  90  6:27  Overlord x2  
  90  6:31  Roach x2  
  90  6:32  Roach  
  96  6:34  Pneumatized Carapace  
  96  6:37  Overseer, Extractor  
  95  6:41  Roach x3  
  95  6:43  Evolution Chamber  
  95  6:45  Evolution Chamber  
  96  6:50  Drone  
  96  6:51  Drone x3  
  96  6:53  Roach x3  
  105  6:59  Roach x5  
  115  7:11  Roach x4  
  118  7:16  Roach x2, Overlord  
  118  7:17  Overlord x3  
  118  7:21  Overlord  
  120  7:29  Overlord x2  
  119  7:35  Roach  
  119  7:36  Roach x7  
  135  7:37  Ravager x2  
  135  7:42  Zergling x6  
  140  7:45  Ravager  
  140  7:48  Roach x3  
  147  7:52  Roach x2  
  151  8:01  Roach  
  151  8:02  Roach x5  
  167  8:05  Roach x2  
  167  8:10  Overlord x2  
  167  8:13  Ravager  
  167  8:14  Overlord x2  
  160  8:27  Roach  
  160  8:28  Overlord x2  
  158  8:39  Roach x10  
  164  8:45  Roach x3  
  164  8:47  Zergling x6  
  162  8:53  Roach x2  
  156  8:57  Roach x2  
  156  9:05  Roach x3  
  156  9:07  Overlord  
  139  9:14  Roach x4  
  127  9:22  Roach x2, Queen x2  
  129  9:25  Queen  
  129  9:31  Roach x2  
  133  9:32  Overlord  
  133  9:33  Zergling x2  
  132  9:40  Roach x5  
  122  9:47  Roach x2  
  122  9:50  Zerg Missile Weapons Level 2  
  112  9:55  Roach x4  
  118  10:01  Drone x3  
  118  10:04  Ravager x5  
  126  10:08  Roach x3  
  126  10:09  Zergling x2  
  126  10:13  Roach x2  
  137  10:20  Roach x2, Baneling Nest  
  140  10:27  Hatchery  
  139  10:33  Roach x3  
  145  10:37  Zergling x6  
  145  10:41  Zergling x6  
  151  10:46  Zergling x6  
  148  10:52  Roach x3  
  154  11:03  Zergling x12  
  160  11:08  Zergling x2, Centrifugal Hooks  
  160  11:09  Zergling x2  
  162  11:13  Overlord  
  162  11:16  Overlord  
  162  11:18  Baneling  
  162  11:19  Baneling x13  
  162  11:23  Zergling x6  
  165  11:29  Baneling x5  
  165  11:30  Baneling x5  
  165  11:34  Roach x2  
  165  11:36  Ravager x3  
  165  11:38  Zergling x4  
  174  11:45  Roach x3  
  179  11:50  Zergling x2  
  179  11:51  Zergling x8  
  184  11:56  Zergling x2  
  184  11:57  Zergling x6  
  182  12:08  Zergling x16  
  177  12:12  Zergling x6  
  167  12:15  Roach  
  167  12:20  Baneling x2  
  167  12:21  Baneling x9  
  167  12:22  Baneling  
  161  12:28  Zergling x8  
  165  12:30  Ravager  
  165  12:31  Ravager x2  
  165  12:33  Zergling x2  
  165  12:37  Zergling x4  
  171  12:42  Zergling x2  
  171  12:43  Zergling x6  
Show
View Real Time Build Order
Export as new Build Order

GunGFuBanDa Protoss 

Build Orders: 1 Gate Expand, Oracle Opening, Chargelot Immortal 

Get SALT Encoding   

  12  0:00  Probe  
  13  0:12  Probe  
  14  0:19  Pylon  
  14  0:24  Probe (Chrono Boost)  
  15  0:38  Gateway  
  15  0:39  Probe (Chrono Boost)  
  16  0:45  Probe (Chrono Boost)  
  16  0:49  Assimilator  
  17  0:53  Probe  
  18  1:05  Probe  
  19  1:17  Probe  
  20  1:26  Nexus  
  20  1:34  Cybernetics Core  
  20  1:37  Probe  
  21  1:43  Assimilator  
  21  1:49  Probe  
  21  1:52  Pylon  
  22  2:01  Probe  
  22  2:07  Adept (Chrono Boost)  
  23  2:13  Probe  
  26  2:22  Stargate  
  26  2:25  Probe  
  26  2:28  Adept (Chrono Boost)  
  27  2:35  Warp Gate  
  29  2:39  Probe (Chrono Boost)  
  29  2:41  Probe (Chrono Boost)  
  33  2:51  Adept  
  33  2:53  Probe (Chrono Boost)  
  33  2:55  Probe (Chrono Boost)  
  33  2:57  Probe (Chrono Boost)  
  35  3:02  Probe  
  35  3:04  Oracle (Chrono Boost)  
  37  3:07  Probe  
  37  3:09  Pylon  
  41  3:14  Probe  
  42  3:28  Probe  
  42  3:29  Probe  
  42  3:30  Gateway  
  40  3:36  Oracle  
  40  3:41  Probe  
  44  3:44  Nexus  
  44  3:46  Probe  
  45  3:50  Pylon  
  44  3:59  Probe x2 (Chrono Boost)  
  46  4:05  Twilight Council  
  46  4:06  Forge  
  46  4:11  Probe (Chrono Boost)  
  48  4:17  Probe (Chrono Boost)  
  48  4:20  Probe (Chrono Boost)  
  48  4:23  Pylon, Stalker, Probe (Chrono Boost)  
  52  4:29  Probe  
  53  4:33  Pylon  
  53  4:35  Pylon, Probe  
  53  4:38  Protoss Ground Weapons Level 1 (Chrono Boost)  
  54  4:41  Probe  
  54  4:42  Charge  
  55  4:49  Probe (Chrono Boost)  
  55  4:51  Adept, Gateway  
  58  4:54  Probe (Chrono Boost), Adept  
  58  4:56  Probe (Chrono Boost)  
  63  5:04  Probe (Chrono Boost)  
  63  5:05  Probe x2 (Chrono Boost)  
  65  5:07  Gateway  
  65  5:08  Gateway  
  65  5:09  Probe (Chrono Boost)  
  65  5:10  Probe (Chrono Boost)  
  65  5:11  Probe  
  68  5:18  Gateway  
  68  5:19  Gateway  
  68  5:20  Probe  
  65  5:37  Probe x2  
  65  5:39  Gateway  
  65  5:40  Zealot x2  
  65  5:42  Probe  
  72  5:43  Robotics Facility  
  72  5:47  Assimilator  
  72  5:49  Zealot, Probe x2  
  76  5:51  Pylon  
  75  6:03  Zealot, Stalker  
  75  6:04  Probe x2  
  75  6:10  Probe  
  77  6:12  Zealot x3  
  77  6:16  Probe x2  
  85  6:19  Zealot x2  
  85  6:20  Protoss Ground Weapons Level 2 (Chrono Boost)  
  85  6:22  Blink, Probe  
  85  6:23  Assimilator  
  85  6:24  Zealot, Shield Battery  
  92  6:26  Pylon  
  92  6:33  Zealot x3  
  98  6:40  Sentry  
  100  6:54  Stalker x4  
  108  7:06  Probe  
  108  7:07  Probe  
  108  7:09  Probe  
  108  7:11  Assimilator  
  108  7:13  Assimilator  
  108  7:14  Immortal (Chrono Boost)  
  109  7:21  Pylon  
  109  7:23  Pylon  
  109  7:27  Pylon, Probe x2  
  109  7:29  Pylon  
  109  7:39  Probe x3  
  112  7:44  Pylon, Warp Prism (Chrono Boost)  
  112  7:46  Nexus  
  112  7:47  Stalker x6  
  112  7:50  Zealot, Sentry  
  130  7:51  Probe  
  130  7:57  Probe  
  132  8:02  Templar Archives  
  132  8:04  Pylon  
  132  8:15  Immortal  
  132  8:16  Shield Battery  
  136  8:20  Stalker x6  
  137  8:35  Probe  
  137  8:41  Zealot x2  
  130  8:54  Stalker x4  
  122  8:58  Immortal (Chrono Boost)  
  116  9:15  Stalker x4  
  96  9:27  Stalker  
  96  9:28  Stalker x3  
  104  9:34  Immortal (Chrono Boost)  
  108  9:40  Protoss Ground Weapons Level 3 (Chrono Boost)  
  108  9:44  Zealot, Probe  
  108  9:45  Zealot x3  
  107  9:52  Probe  
  102  10:00  High Templar x2  
  102  10:01  Zealot x2  
  102  10:04  Archon  
  110  10:10  Probe  
  110  10:11  Immortal  
  115  10:14  Probe  
  115  10:19  Shield Battery  
  116  10:21  Pylon  
  116  10:46  Assimilator  
  116  10:47  Assimilator, Immortal (Chrono Boost)  
  116  10:55  Sentry, High Templar x2  
  126  11:01  Zealot x5, Archon, Nexus  
  136  11:04  Pylon  
  136  11:08  Pylon  
  136  11:10  Pylon  
  136  11:13  Photon Cannon  
  136  11:14  Pylon  
  136  11:16  Immortal (Chrono Boost)  
  136  11:25  Probe  
  141  11:26  High Templar x2  
  141  11:27  Zealot x2  
  141  11:30  Zealot x2, Stalker  
  155  11:36  Archon  
  155  11:43  Zealot  
  155  11:50  Zealot  
  151  11:55  High Templar x2, Shield Battery  
  151  11:58  Shield Battery  
  151  11:59  Archon  
  141  12:16  Zealot x6  
  145  12:29  Probe (Chrono Boost)  
  149  12:34  Photon Cannon, Probe x2 (Chrono Boost)  
  149  12:35  High Templar x2, Probe (Chrono Boost)  
  153  12:37  Pylon, Sentry  
  153  12:38  Probe (Chrono Boost)  
Tags
 
Add a new tag
Caveats
  • Supply blocks, unpowered buildings, or Contaminate may cause inaccurate times.
  • Supply counts are checked every 10 seconds.